 Dungeon Crawl Stone Soup version 0.28.0 (webtiles) character file.

Game seed: 8600706965895828965

402 SnakkuSnakku7 the Skirmisher (level 6, 0/56 HPs)
             Began as a Hill Orc Fighter on Feb 16, 2022.
             Slain by an iguana (8 damage)
             ... on level 4 of the Dungeon.
             The game lasted 00:04:19 (3414 turns).

SnakkuSnakku7 the Skirmisher (Hill Orc Fighter)     Turns: 3414, Time: 00:04:20

Health: 0/56       AC: 10    Str: 21    XL:     6   Next: 85%
Magic:  6/6        EV:  9    Int:  8    God:
Gold:   230        SH:  4    Dex: 10    Spells: 5/5 levels left

rFire   . . .      SeeInvis .   a - +0 war axe
rCold   . . .      Faith    .   c - +0 buckler
rNeg    . . .      Spirit   .   v - +0 scale mail
rPois   +          Reflect  .   q - +0 helmet
rElec   .          Harm     .   (no cloak)
rCorr   .          Rampage  .   e - +0 pair of gloves
Will    .....                   h - +0 pair of boots
Stlth   ..........              f - amulet of magic regeneration
HPRegen 0.18/turn               w - ring of poison resistance
MPRegen 0.50/turn               (no ring)

@: no status effects
A: no striking features
a: no special abilities


You were on level 4 of the Dungeon.
You visited 1 branch of the dungeon, and saw 4 of its levels.
You also visited: Sewer.

You collected 230 gold pieces.

Inventory:

Hand Weapons
 a - a +0 war axe (weapon)
 b - a +1 hand axe of flaming
 o - a +2 dagger of venom
 x - a +0 battleaxe
Missiles
 t - 5 poisoned darts (quivered)
Armour
 c - a +0 buckler (worn)
 e - a +0 pair of gloves (worn)
 h - a +0 pair of boots (worn)
 q - a +0 helmet (worn)
 v - a +0 scale mail (worn)
Jewellery
 f - an amulet of magic regeneration (around neck)
 w - a ring of poison resistance (left hand)
Wands
 m - a wand of flame (12)
Scrolls
 g - 3 scrolls of identify {unknown}
 j - 3 scrolls of noise {unknown}
 k - a scroll of silence {unknown}
 l - a scroll of amnesia {unknown}
 u - 2 scrolls of teleportation {unknown}
Potions
 d - a potion of might
 i - 3 potions of heal wounds {unknown}
 n - 2 potions of curing {unknown}
 p - a potion of lignification {unknown}
 r - a potion of haste
 s - a potion of cancellation {unknown}


   Skills:
 + Level 5.6 Fighting
 + Level 5.3 Axes
 - Level 4.8 Armour
 - Level 4.8 Shields


You had 5 spell levels left.
You didn't know any spells.
Your spell library contained the following spells:

 Spells                   Type           Power      Damage    Failure   Level
 Scorch                   Fire           0%         2d5       91%         2
 Flame Wave               Conj/Fire      0%         2d4       100%        4
 Summon Cactus Giant      Summ           0%         N/A       100%        6


Dungeon Overview and Level Annotations

Branches:
Dungeon (4/15)              Sewer (visited)
 Temple: D:4-7

Altars:


Message History

You hit the iguana but do no damage.
The iguana bites you but does no damage.
You barely miss the iguana. The iguana bites you.
You block the iguana's attack.
You hit the iguana.
The iguana is moderately wounded.
The iguana closely misses you.
You hit the iguana but do no damage.
The iguana is moderately wounded.
The iguana closely misses you.
You hit the iguana but do no damage.
The iguana is moderately wounded.
The iguana closely misses you.
You barely miss the iguana.
The iguana is moderately wounded.
The iguana bites you. x2
You hit the iguana.
The iguana is heavily wounded.
You block the iguana's attack.
You barely miss the iguana.
The iguana is heavily wounded.
The iguana bites you.
You barely miss the iguana.
The iguana is heavily wounded.
The iguana closely misses you. The iguana bites you.
You hit the iguana but do no damage.
The iguana is heavily wounded.
The iguana bites you!
You closely miss the iguana.
The iguana is heavily wounded.
The iguana bites you.
* * * LOW HITPOINT WARNING * * *
You hit the iguana but do no damage.
The iguana is heavily wounded.
The iguana bites you!
* * * LOW HITPOINT WARNING * * *
You closely miss the iguana.
The iguana is heavily wounded.
The iguana bites you!
You die...

.....#..##..##.##..####
.......####........#
.###.÷## #..>...##.#
..≈.÷.####.####.##.##
..≈.................#
..≈......######.....#
.#≈#..####
##....######## ##≈#..#
#.#.......... #≈#...
#@#.########. ###.##
#l#.# .# #.#.# #. #.#.#
#.#.# #.#.# #####


You could see an iguana.

Vanquished Creatures
  A water moccasin (Sewer)
  2 orc priests (D:3)
  Jessica (D:2)
  2 iguanas (D:4)
  Robin (D:2)
  5 adders
  An adder skeleton (D:4)
  3 worms
  4 dart slugs
  5 orcs
  6 endoplasms
  5 giant cockroaches
  16 goblins
  4 hobgoblins
  A quokka (D:1)
  12 ball pythons
  11 bats
  3 frilled lizards
  A kobold (D:3)
  5 rats
89 creatures vanquished.

Notes
Turn   | Place    | Note
-------+----------+-------------------------------------------
     0 | D:1      | SnakkuSnakku7 the Hill Orc Fighter began the quest for the
                  | Orb.
     0 | D:1      | Reached XP level 1. HP: 19/19 MP: 1/1
   151 | D:1      | Reached XP level 2. HP: 27/27 MP: 2/2
   846 | D:2      | Reached XP level 3. HP: 26/33 MP: 3/3
  1201 | D:2      | Reached XP level 4. HP: 39/40 MP: 4/4
  1349 | D:2      | Noticed Jessica
  1365 | D:2      | Killed Jessica
  1584 | D:2      | Noticed Robin
  1675 | D:2      | Killed Robin
  1676 | D:2      | Reached XP level 5. HP: 43/47 MP: 5/5
  2010 | D:3      | Found a glowing drain.
  2022 | Sewer    | Entered a sewer
  2068 | Sewer    | Noticed a water moccasin
  2084 | Sewer    | Killed a water moccasin
  2085 | Sewer    | Reached skill level 5 in Fighting
  2085 | Sewer    | Reached XP level 6. HP: 19/56 MP: 6/6
  2407 | D:3      | Identified the +1 robe of Activism {Int+6 Slay+3 Stlth+}
  2894 | D:3      | Reached skill level 5 in Axes
  3414 | D:4      | Slain by an iguana

Illustrated notes

Levels and vault maps discovered:
D:1:      dpeg_arrival_shrine, layout_basic, minmay_pentomino_w2
D:2:      layout_basic, minmay_fountain_box, hangedman_decor_lopped,
          nicolae_figureground_sparkle, uniq_jessica, uniq_robin
D:3:      layout_basic, cheibrodos_sewer_entry_drain
D:4:      layout_rooms, minmay_temple_entry_proselytizer, serial_rivers,
          chequers_serial_rivers_small_a, chequers_serial_rivers_large_b,
          chequers_serial_rivers_room_a, chequers_serial_rivers_room_b,
          chequers_serial_rivers_room_a, chequers_serial_rivers_micro_b

Skill      XL: |  1  2  3  4  5  6 |
---------------+-------------------+-----
Axes           | 3 4 5 |  5.3
Fighting       | 4 5 |  5.6
Armour         | 4 |  4.8
Shields        | 4 |  4.8

Action                   |  1- 3 |  4- 6 || total
-------------------------+-------+-------++-------
Melee: War axe           |    87 |   192 ||   279
Evoke: Wand              |       |     1 ||     1
Armor: Scale mail        |    56 |   129 ||   185
Dodge: Dodged            |    42 |   110 ||   152
Block: Buckler           |    20 |    58 ||    78
